 Dungeon Crawl Stone Soup version 0.25-a0-287-g56a5b49892 (webtiles) character file.

Game seed: 17063138621066299160, levelgen mode: deterministic

35 MoonlitKnight the Firebug (level 3, -2/19 HPs)
             Began as a Deep Elf Fire Elementalist on Dec 12, 2019.
             Killed from afar by a dart slug (6 damage)
             ... with a slug dart
             ... on level 2 of the Dungeon.
             The game lasted 00:04:09 (1975 turns).

MoonlitKnight the Firebug (DEFE)                    Turns: 1975, Time: 00:04:09

Health: -2/19      AC:  3    Str:  5    XL:     3   Next: 16%
Magic:  10/10      EV: 13    Int: 20    God:
Gold:   50         SH:  0    Dex: 15    Spells: 8/9 levels left

rFire    . . .     SeeInvis .   e - +0 dagger
rCold    . . .     Gourm    .   (no shield)
rNeg     . . .     Faith    .   a - +0 robe
rPois    .         Spirit   .   k - +0 helmet
rElec    .         Reflect  .   (no cloak)
rCorr    .         Harm     .   (no gloves)
MR       .....                  (no boots)
Stlth    ++........             (no amulet)
HPRegen  0.06/turn              (no ring)
MPRegen  0.12/turn              (no ring)

@: no status effects
A: no striking features
a: no special abilities


You were on level 2 of the Dungeon.
You were not hungry.

You visited 1 branch of the dungeon, and saw 2 of its levels.

You collected 50 gold pieces.

Inventory:

Hand Weapons
 e - a +0 dagger (weapon)
Missiles
 b - 22 sling bullets
Armour
 a - a +0 robe (worn)
 k - a +0 helmet (worn)
Wands
 d - a wand of flame (17)
Scrolls
 f - a scroll of immolation {unknown}
 h - a scroll of fog {unknown}
 i - a scroll of remove curse {unknown}
 j - a scroll of amnesia {unknown}
Potions
 g - 2 potions of haste {unknown}
 l - a potion of brilliance {unknown}
Comestibles
 c - 4 rations


   Skills:
 + Level 3.0 Dodging
 - Level 2.4 Stealth
 + Level 3.6 Spellcasting
 + Level 1.9 Conjurations
 + Level 3.7 Fire Magic


You had 8 spell levels left.
You knew the following spells:

 Your Spells              Type           Power        Failure   Level  Hunger
a - Foxfire               Conj/Fire      ###.         4%          1    None

Your spell library contained the following spells:

 Spells                   Type           Power        Failure   Level  Hunger
 Conjure Flame            Conj/Fire      ###.....     12%         3    ###....
 Inner Flame              Hex/Fire       ##......     19%         3    ###....
 Sticky Flame             Conj/Fire      ###.....     38%         4    ####...
 Fireball                 Conj/Fire      ###.......   75%         5    ######.


Dungeon Overview and Level Annotations

Branches:
Dungeon (2/15)

Altars:


Message History

A dart slug comes into view.
The dart slug launches a dart at you. The slug dart hits you.
The dart slug launches a dart at you. The slug dart misses you.
You hit the dart slug but do no damage. You hit the dart slug but do no damage.
The dart slug bites you.
You hit the dart slug.
The dart slug is lightly wounded.
The dart slug launches a dart at you. The slug dart hits you.
You hit the dart slug.
The dart slug is lightly wounded.
The dart slug bites you but does no damage.
The dart slug launches a dart at you. The slug dart hits you.
* * * LOW HITPOINT WARNING * * *
The dart slug launches a dart at you. The slug dart hits you.
You die...

####....##.#####.#
##.#..#.# #.#
#.##.#.# ###
#######......#
#.......##.###
#.#####.##.#
#.##.# ####.##.#
#@......#
#.##.#### #.##.#
#.##.#
........w..#
.#.#########


You could see a dart slug.

Vanquished Creatures
  A worm (D:2)
  A dart slug (D:1)
  2 leopard geckos (D:1)
  2 giant cockroaches (D:1)
  5 goblins (D:1)
  3 hobgoblins
  4 jackals (D:1)
  A bat (D:1)
  A frilled lizard (D:1)
  2 kobolds (D:1)
  3 rats (D:1)
25 creatures vanquished.

Vanquished Creatures (others)
  63 foxfires
63 creatures vanquished.

Grand Total: 88 creatures vanquished

Notes
Turn   | Place    | Note
-------+----------+-------------------------------------------
     0 | D:1      | MoonlitKnight the Deep Elf Fire Elementalist began the
                  | quest for the Orb.
     0 | D:1      | Reached XP level 1. HP: 10/10 MP: 6/6
   490 | D:1      | Reached XP level 2. HP: 15/15 MP: 6/8
  1486 | D:1      | Reached XP level 3. HP: 19/19 MP: 7/10
  1975 | D:2      | Killed from afar by a dart slug

Levels and vault maps discovered:
D:1:      minmay_arrival_jagged, layout_loops_corners, minmay_door_square,
          grunt_decor_cap, minmay_tripent
D:2:      layout_loops_corners, nicolae_overflow_crystal_walls,
          kennysheep_generic_room_2

Skill      XL: |  1  2  3 |
---------------+----------+-----
Dodging        | 3 |  3.0
Stealth        | |  2.4
Spellcasting   | |  3.6
Conjurations   | |  1.9
Fire Magic     | |  3.7

Action                   || total
-------------------------++-------
Melee: Dagger            ||    20
 Cast: Foxfire           ||    35
 Stab: Sleeping          ||     1
  Eat: Chunk             ||     3
Armor: Robe              ||     6
Dodge: Dodged            ||    30

Table legend:
 A = Non-vault XP
 B = Vault XP
 C = Vault XP percentage of total XP
 D = Non-vault monster count
 E = Vault monster count
 F = Vault count percentage of total count
                 A         B        C        D         E       F
            +---------+---------+-------+---------+---------+-------
      Total |      48 |       2 |   4.0 |      23 |       2 |   8.0
            +---------+---------+-------+---------+---------+-------
        D:1 |      41 |       2 |   4.7 |      21 |       2 |   8.7
        D:2 |       7 |       0 |   0.0 |       2 |       0 |   0.0
            +---------+---------+-------+---------+---------+-------
